Map: Аура смерти РВ

Players

Kas

  • Race: Terran Terran
  • League: Grandmaster
  • Spawn Location: 5:00

GOStephano (Stephano) - Winner!

  • Race: Zerg Zerg
  • League: Master
  • Spawn Location: 11:00

VOD

Have the link to the VOD?

Description

Time

  • Played on: Oct. 13, 2020, 12:08 p.m.
  • Length: 5:21
Show
View Real Time Build Order
Export as new Build Order

Kas Terran 

Build Orders: Liberator Opening, Reaper Expand 

Get SALT Encoding   

  12  0:00  SCV  
  13  0:12  SCV  
  14  0:17  Supply Depot  
  14  0:24  SCV  
  15  0:39  SCV  
  15  0:40  Barracks  
  16  0:46  Refinery  
  16  0:51  SCV  
  17  1:03  SCV  
  18  1:15  SCV  
  19  1:27  Orbital Command  
  19  1:29  Reaper  
  20  1:38  Command Center  
  20  1:54  SCV  
  20  1:59  Supply Depot  
  21  2:01  Marine  
  21  2:06  SCV  
  23  2:20  SCV  
  24  2:23  Factory  
  24  2:24  Barracks Reactor  
  24  2:34  SCV  
  25  2:39  Command Center  
  25  2:46  SCV  
  25  2:50  Refinery  
  25  2:51  Orbital Command  
  25  3:00  SCV  
  26  3:09  Starport  
  26  3:12  SCV  
  27  3:14  Hellion x2  
  27  3:17  SCV  
  32  3:24  SCV  
  33  3:27  Marine  
  33  3:29  SCV  
  35  3:36  SCV  
  35  3:39  Hellion x2  
  40  3:42  SCV  
  40  3:46  Liberator  
  44  3:49  SCV  
  44  3:52  Orbital Command  
  44  3:55  SCV  
  46  4:00  Barracks Tech Lab  
  46  4:01  SCV  
  47  4:03  Supply Depot  
  47  4:07  SCV  
  48  4:11  Orbital Command  
  48  4:13  SCV, Barracks  
  48  4:16  Barracks  
  49  4:18  Factory Reactor  
  49  4:19  SCV  
  49  4:20  Marine  
  51  4:25  SCV  
  52  4:32  SCV, Engineering Bay x2  
  52  4:37  SCV  
  52  4:39  SCV, Marine  
  52  4:48  SCV  
  52  4:49  SCV  
  52  4:51  SCV  
  55  4:56  Supply Depot, Starport Reactor  
  55  5:00  SCV  
  55  5:03  SCV  
  55  5:06  Bunker  
  59  5:15  Factory Tech Lab  
  59  5:16  Refinery x2  
  59  5:18  Supply Depot  
  59  5:19  Supply Depot  
Show
View Real Time Build Order
Export as new Build Order

GOStephano Zerg - Winner!

Build Orders: Hatch First 

Get SALT Encoding   

  12  0:00  Drone  
  13  0:12  Overlord  
  13  0:17  Drone  
  14  0:30  Drone x2  
  16  0:47  Hatchery  
  15  0:51  Drone  
  15  0:54  Drone  
  17  1:00  Drone  
  18  1:09  Extractor  
  17  1:14  Spawning Pool  
  17  1:16  Drone  
  17  1:19  Drone  
  18  1:28  Drone  
  19  1:38  Drone  
  20  1:49  Drone  
  21  2:00  Queen x2  
  26  2:01  Zergling x4  
  27  2:11  Drone  
  27  2:12  Overlord  
  28  2:19  Hatchery  
  27  2:23  Drone  
  28  2:33  Drone x3  
  31  2:37  Queen  
  33  2:45  Metabolic Boost  
  33  2:47  Overlord  
  33  2:50  Drone  
  34  2:52  Drone  
  34  2:58  Drone  
  36  3:05  Drone  
  36  3:06  Drone  
  36  3:10  Drone x3  
  41  3:15  Queen  
  41  3:19  Drone  
  44  3:20  Overlord  
  44  3:23  Extractor  
  44  3:25  Roach Warren  
  42  3:28  Overlord  
  42  3:42  Drone x4  
  42  3:43  Overlord  
  42  3:44  Overlord  
  42  3:47  Drone  
  42  3:48  Drone, Extractor  
  47  3:58  Drone x4  
  51  4:07  Roach  
  51  4:08  Roach x3  
  59  4:13  Roach x2  
  63  4:22  Roach x3  
  63  4:23  Overlord  
  69  4:29  Roach  
  69  4:30  Roach  
  73  4:31  Zergling x2  
  73  4:32  Zergling x2  
  74  4:40  Zergling x8  
  78  4:48  Zergling x6  
  78  4:51  Overlord x2  
  80  5:01  Ravager  
  80  5:02  Ravager x2  
  80  5:07  Ravager x2  
Tags
 
Add a new tag
Caveats
  • Supply blocks, unpowered buildings, or Contaminate may cause inaccurate times.
  • Supply counts are checked every 10 seconds.